 Dungeon Crawl Stone Soup version 0.17-a0-1403-g9df874c (webtiles) character file.

2 WellDressedCM the Skirmisher (level 1, -1/19 HPs)
             Began as a Draconian Wanderer on June 21, 2015.
             Slain by a goblin (3 damage)
             ... on level 1 of the Dungeon.
             The game lasted 00:03:07 (82 turns).

WellDressedCM the Skirmisher (Draconian Wanderer)     Turns: 82, Time: 00:03:07

Health: -1/19      AC:  4    Str: 12    XL:     1   Next: 33%
Magic:  2/2        EV: 11    Int: 13    God:
Gold:   0          SH:  0    Dex: 11    Spells: 2 memorised, 0 levels left

rFire  . . .     SeeInvis .     e - +0 dagger
rCold  + . .     Clarity  .     (armour unavailable)
rNeg   . . .     SustAt   .     (no shield)
rPois  .         Gourm    .     (helmet restricted)
rElec  .         Spirit   .     (no cloak)
rCorr  .         Warding  .     (no gloves)
rMut   .         Stasis   .     (no boots)
MR     .....                    (no amulet)
Stlth  ++........               (no ring)
                                i - ring of protection from cold

@: flying, not resistant to hostile enchantments, unstealthy
A: unfitting armour, cold-blooded, AC +4
a: no special abilities


You were on level 1 of the Dungeon.
You were not hungry.

You visited 1 branch of the dungeon, and saw 1 of its levels.

Inventory:

Hand weapons
 d - a +0 club
 e - a +0 dagger (weapon)
Missiles
 h - 24 stones (quivered)
Jewellery
 i - a ring of protection from cold (left hand)
Potions
 b - a potion of curing
Books
 a - a book of Minor Magic

   Spells                             Type                      Level
   a - Magic Dart                     Conjuration                  1
   b - Blink                          Translocation                2
   c - Call Imp                       Summoning                    2
   d - Repel Missiles                 Charms/Air                   2
   e - Slow                           Hexes                        2
   f - Conjure Flame                  Conjuration/Fire             3
   g - Mephitic Cloud                 Conjuration/Poison/Air       3
 c - the Disquisition on Shape Shifting

   Spells                             Type                      Level
   a - Beastly Appendage              Transmutation                1
   b - Stoneskin                      Transmutation/Earth          2
Comestibles
 f - a bread ration


   Skills:
 + Level 3.4 Fighting
 + Level 2.7 Stealth
 + Level 1.0 Spellcasting
 + Level 1.1 Transmutations
   Level 1.0 Earth Magic
   Level 1.0 Evocations


You couldn't memorise any spells.
You knew the following spells:

 Your Spells              Type           Power        Failure   Level  Hunger
a - Beastly Appendage     Trmt           #.....       21%         1    ##.....
b - Magic Dart            Conj           #...         30%         1    ##.....


Dungeon Overview and Level Annotations

Branches:
Dungeon (1/15)

Altars:


Innate Abilities, Weirdness & Mutations

Your plain brown scales are hard (AC +4).
Your body does not fit into most forms of armour.
You are cold-blooded and may be slowed by cold attacks.


Message History

The hobgoblin hits you. The goblin barely misses you.
You closely miss the hobgoblin.
Your tail-slap misses the hobgoblin.
The hobgoblin is severely wounded.
The hobgoblin closely misses you. The goblin misses you.
You hit the goblin.
The goblin is severely wounded.
The hobgoblin hits you.
* * * LOW HITPOINT WARNING * * *
The goblin hits you but does no damage.
You completely miss the goblin.
The goblin is severely wounded.
The hobgoblin hits you but does no damage.
The goblin misses you.
You closely miss the hobgoblin.
The hobgoblin is severely wounded.
The hobgoblin barely misses you. The goblin barely misses you.
You closely miss the hobgoblin.
The hobgoblin is severely wounded.
The hobgoblin barely misses you. The goblin hits you.
You die...

....## ...##.. ###
#...##.##..... #..
#......#.b#.>.
#.###...###.......
#.##.............
####.....#......##.
###.....##......###
.J..##...#.#.....##!####
....##...#....##@.......
....#.).....#.##gg......
..............##........
......).....####.......)
...........## ###....##
##...#....## .##.#
..######### .# ...
#######8<8#### .# ##
#.##.........##


You could see a hobgoblin and a goblin.

Vanquished Creatures
  A hobgoblin (D:1)
  A kobold (D:1)
2 creatures vanquished.

Notes
Turn   | Place    | Note
--------------------------------------------------------------
     0 | D:1      | WellDressedCM the Draconian Wanderer began the quest for the Orb.
     0 | D:1      | WellDressedCM set off with: a book of Minor Magic, a potion of curing, the Disquisition on Shape Shifting, a +0 club, a +0 dagger, a bread ration
     0 | D:1      | Reached XP level 1. HP: 19/19 MP: 2/2
     1 | D:1      | Identified the Disquisition on Shape Shifting
     3 | D:1      | Learned a level 1 spell: Beastly Appendage
     5 | D:1      | Learned a level 1 spell: Magic Dart
    82 | D:1      | Slain by a goblin

Vault maps used:
D:1:      mrwooster_arrival_statue_2

Action                   || total
-------------------------++-------
Melee: Dagger            ||    18
 Cast: Magic Dart        ||     1
       Beastly Appendage ||     1
  Use: Potion            ||     1
